 Dungeon Crawl Stone Soup version 0.28.0-53-g5a82cb258f (webtiles) character file.

Game seed: 5363235172126076925

23 SanguineChosen the Shield-Bearer (level 3, -8/23 HPs)
             Began as a Gargoyle Fighter on July 1, 2022.
             Mangled by Terence
             ... wielding a +0 flail
              (10 damage)
             ... on level 2 of the Dungeon.
             The game lasted 00:02:38 (1331 turns).

SanguineChosen the Shield-Bearer (Gargoyle Fighter) Turns: 1331, Time: 00:02:39

Health: -8/23      AC: 10    Str: 21    XL:     3   Next: 0%
Magic:  3/3        EV:  9    Int:  8    God:
Gold:   25         SH:  4    Dex:  9    Spells: 2/2 levels left

rFire   . . .      SeeInvis .   a - +0 flail
rCold   . . .      Faith    .   c - +0 buckler
rNeg    + . .      Spirit   .   b - +0 scale mail
rPois   ∞          Reflect  .   (no helmet)
rElec   +          Harm     .   (no cloak)
rCorr   .          Rampage  .   (no gloves)
Will    .....                   (no boots)
Stlth   ..........              (no amulet)
HPRegen 0.07/turn               (no ring)
MPRegen 0.08/turn               (no ring)

@: no status effects
A: sickness immunity, AC +3, negative energy resistance 1, electricity
resistance, torment resistance 1, petrification resistance
a: no special abilities


You were on level 2 of the Dungeon.
You visited 1 branch of the dungeon, and saw 2 of its levels.

You collected 25 gold pieces.

Inventory:

Hand Weapons
 a - a +0 flail (weapon)
Armour
 b - a +0 scale mail (worn)
 c - a +0 buckler (worn)
Scrolls
 e - a scroll of noise {unknown}
 f - a scroll of identify {unknown}
 g - a scroll of fear {unknown}
 h - a scroll of blinking {unknown}
Potions
 d - a potion of might
 i - 2 potions of heal wounds {unknown}
 j - a potion of curing {unknown}
 k - 2 potions of degeneration {unknown}


   Skills:
 + Level 3.4 Fighting
 + Level 2.6 Maces & Flails
 + Level 3.3 Armour
 + Level 0.1 Dodging
 + Level 3.8 Shields


You had 2 spell levels left.
You didn't know any spells.
Your spell library contained the following spells:

 Spells                   Type           Power      Damage    Failure   Level
 Dazzling Flash           Conj/Hex       0%         N/A       99%         3
 Iskenderun's Mystic Bla  Conj/Tloc      0%         2d3       100%        4
 Starburst                Conj/Fire      0%         6d3       100%        6


Dungeon Overview and Level Annotations

Branches:
Dungeon (2/15)

Altars:

Annotations:
D:2 Terence


Innate Abilities, Weirdness & Mutations

You are immune to sickness and miasma.
Your stone body is resilient. (AC +3)
You are immune to poison.
You resist negative energy. (rN+)
You are resistant to electric shocks. (rElec)
You are resistant to unholy torment.
You are immune to petrification.


Message History

You can't go down here!
There is a stone staircase leading down here.
You climb downwards.
Found a red potion.
There is a stone staircase leading up here.
Found a stone staircase leading down.
i - 2 red potions (gained 1)
There is a stone staircase leading down here.
Found a stone staircase leading up.
Terence the Incautious comes into view.
He is wielding a +0 flail.
Terence shouts!
Found a dagger and a lumpy coppery potion.
Found 21 arrows, 21 stones, a pair of gloves and 14 gold pieces.
Terence drinks a potion.
Terence flickers and vanishes!
Deactivating autopickup; reactivate with Ctrl-A.
A ball python comes into view.
A rat comes into view.
The ball python hisses angrily.
Something hits you but does no damage.
There is a stone staircase leading up here.
You hit something. Something hits you but does no damage. Something hits you.
You barely miss something. Something hits you but does no damage.
You barely miss something.
The ball python bites you but does no damage.
The ball python grabs you. The ball python constricts you. Something hits you.
You escape the ball python's grasp.
Something hits you. Something hits you but does no damage.
You barely miss something. Something hits you.
You miss something. You block something's attack.
You closely miss something. Something hits you! Something hits you.
* * * LOW HITPOINT WARNING * * *
You closely miss something. Something hits you but does no damage.
You miss something. Something hits you but does no damage.
You miss something. Something hits you.
* * * LOW HITPOINT WARNING * * *
Something hits you but does no damage.
You closely miss something. Something hits you but does no damage.
You closely miss something. Something hits you but does no damage.
You closely miss something. Something hits you!
You die...

#.. ........#. #.#
#.........# #.#
#........#⌠# .... #<# #
#.........#. .... #.##.#
#........... ..... .....#
#........##.## .....
#.######........##..#......
#.##......#####.###<#...###
#.##.####.# #.@{Sr....#)!
#.##.####.#########.##..#((
#..>...##.#.........# .#[$
####.#.#.......###### ###
#.#.#..#.##.# ..
.......#.##.# .
###......##.# #.....####.#
#.#.#.# #.#


You could see a ball python and a rat.

Vanquished Creatures
  2 dart slugs (D:1)
  3 endoplasms (D:1)
  A hobgoblin (D:1)
  3 quokkas (D:1)
  3 ball pythons (D:1)
  A bat (D:1)
  2 frilled lizards (D:1)
  3 goblins (D:1)
  A kobold (D:1)
19 creatures vanquished.

Notes
Turn   | Place    | Note
-------+----------+-------------------------------------------
     0 | D:1      | SanguineChosen the Gargoyle Fighter began the quest for the
                  | Orb.
     0 | D:1      | Reached XP level 1. HP: 14/14 MP: 1/1
   353 | D:1      | Reached XP level 2. HP: 19/19 MP: 2/2
  1178 | D:1      | Reached XP level 3. HP: 23/23 MP: 3/3
  1312 | D:2      | Noticed Terence
  1328 | D:2      | HP: 1/23 [something (5)]
  1331 | D:2      | Mangled by Terence

Illustrated notes

Levels and vault maps discovered:
D:1:      lightli_arrival_statuegarden, layout_basic
D:2:      layout_loops_cross, serial_glass, glass_columns_c, glass_columns_c,
          glass_columns_a, glass_columns_a, glass_columns_a, glass_columns_b,
          feat_on_display, item_on_display_b, due_unseen_surprise,
          minmay_strange_pillars, kennysheep_doodads, minmay_misc_feat_square,
          grunt_ministairs_3, corner_web_ring, uniq_terence

Action                   || total
-------------------------++-------
Melee: Flail             ||    74
Armor: Scale mail        ||    46
Dodge: Dodged            ||    23
Block: Buckler           ||    15
